 Dungeon Crawl Stone Soup version 0.19.0-11-g3fc08b3 (webtiles) character file.

27 texaspoet the Insei (level 2, -1/23 HPs)
             Began as a Demigod Transmuter on Nov 9, 2016.
             Slain by a jackal (3 damage)
             ... on level 2 of the Dungeon.
             The game lasted 00:14:35 (1347 turns).

texaspoet the Insei (Demigod Transmuter)            Turns: 1347, Time: 00:14:36

Health: -1/23      AC:  0    Str: 10 (13) XL:     2   Next: 72%
Magic:  7/7        EV: 12    Int: 15 (17) God:
Gold:   120        SH:  0    Dex: 13 (16) Spells: 1 memorised, 4 levels left

rFire  . . .     SeeInvis .       - Unarmed
rCold  . . .     Gourm    .     (no armour)
rNeg   . . .     Faith    .     (no shield)
rPois  +         Spirit   .     (no helmet)
rElec  .         Reflect  .     (no cloak)
rCorr  .         Harm     .     (no gloves)
MR     .....                    (boots currently unavailable)
Stlth  +.........               (no amulet)
                                (no ring)
                                o - ring of poison resistance

@: appendage (expiring)
A: talons 3, high mp 1
a: End Transformation


You were on level 2 of the Dungeon.
You were hungry.
You had grown temporary talons.
You visited 1 branch of the dungeon, and saw 2 of its levels.

You collected 120 gold pieces.

Inventory:

Hand Weapons
 e - a +0 club
 f - a +0 spear
 g - a +0 dagger
 l - a +0 mace
Missiles
 a - 32 arrows
 h - 26 stones (quivered)
Armour
 b - a +1 robe
 n - a +0 plate armour
Jewellery
 o - a ring of poison resistance (left hand)
Scrolls
 i - a scroll of remove curse
Books
 c - a book of Changes

   Spells                             Type                      Level
   a - Beastly Appendage              Transmutation                1
   b - Sticks to Snakes               Transmutation                2
   c - Spider Form                    Transmutation/Poison         3
   d - Ice Form                       Ice/Transmutation            4
   e - Blade Hands                    Transmutation                5
Comestibles
 d - 2 bread rations
 m - a slice of pizza


   Skills:
 * Level 1.1 Fighting
 + Level 2.0 Dodging
 + Level 3.1 Unarmed Combat
 + Level 2.0 Spellcasting
 + Level 2.0 Transmutations


You had 4 spell levels left.
You knew the following spells:

 Your Spells              Type           Power        Failure   Level  Hunger
a - Beastly Appendage     Tmut           #.....       12%         1    #......


Dungeon Overview and Level Annotations

Branches:
Dungeon (2/15)


Innate Abilities, Weirdness & Mutations

You have an increased reservoir of magic. (+10% MP)
You have claws for feet.


Message History

The jackal barely misses you. The jackal closely misses you.
The jackal barely misses you.
You hit the jackal.
You kill the jackal!
The jackal closely misses you. The jackal barely misses you.
The jackal closely misses you.
You miss the jackal. The jackal bites you.
You barely miss the jackal. Your kick misses the jackal. The jackal bites you.
* * * LOW HITPOINT WARNING * * *
The jackal bites you.
* * * LOW HITPOINT WARNING * * *
The jackal barely misses you.
Keep equipping yourself?
Uppercase [Y]es or [N]o only, please.
Keep equipping yourself?
You start putting on your armour.
You continue putting on your +1 robe.
The jackal bites you.
* * * LOW HITPOINT WARNING * * *
The jackal bites you.
You die...

.............w..... #.
................... #.
....................... #.
#.#.# #..............w. ##
#.#.#.#........h....... #.
#.#.#.#...##.########.. #.
#.#........gw.....# #.
#####.#.#.######h####.# #+#
## ......#.#.# ####@####.#
#.# # ........#.# #......##.#
#.# # #####.#.#.#
#.##.#.##.####.###### #.#.#.#
#.##.#.##............
#.#.#.###.##.#.#######.######
#.#........#.#.# #.# #
#####.#.##########.# #.# #
......#.# #.# #.# # #######.#
#.# #.# #


You could see a dart slug, a jackal and a goblin.

Vanquished Creatures
  A dart slug (D:1)
  A ball python (D:1)
  6 giant cockroaches
  3 goblins (D:1)
  3 hobgoblins
  A jackal (D:2)
  2 bats (D:1)
  2 frilled lizards (D:1)
  A kobold (D:1)
  A rat (D:1)
21 creatures vanquished.

Notes
Turn   | Place    | Note
-------+----------+-------------------------------------------
     0 | D:1      | texaspoet the Demigod Transmuter began the quest for the Orb.
     0 | D:1      | Reached XP level 1. HP: 15/15 MP: 5/5
    78 | D:1      | Reached skill level 3 in Unarmed Combat
   124 | D:1      | Reached XP level 2. HP: 20/22 MP: 7/7
   631 | D:1      | Reached skill level 1 in Fighting
   957 | D:2      | Found a snail-covered altar of Cheibriados.
   972 | D:2      | HP: 1/23 [hobgoblin (3)]
  1347 | D:2      | Slain by a jackal

Skill      XL: |  1  2 |
---------------+-------+-----
Unarmed Combat | 3 |  3.1
Dodging        | 2 |  2.0
Spellcasting   | 2 |  2.0
Transmutations | 2 |  2.0
Fighting       | 1 |  1.1

Action                   || total
-------------------------++-------
Melee: Unarmed           ||    77
       Kick              ||     8
       Headbutt          ||     3
 Cast: Beastly Appendage ||    13
  Use: Scroll            ||     6
       Potion            ||     2
  Eat: Chunk             ||     1
Armor: Robe              ||    17
       Plate armour      ||     5
Dodge: Dodged            ||    54
